 Dungeon Crawl Stone Soup version 0.28.0-53-g5a82cb258f (webtiles) character file.

Game seed: 17519670222277861473

73 Nedwor the Chopper (level 4, 41/41 HPs)
             Began as a Minotaur Abyssal Knight on May 31, 2022.
             Was a Follower of Lugonu.
             Quit the game on level 2 of the Dungeon.
             The game lasted 00:02:44 (1614 turns).

Nedwor the Chopper (Minotaur Abyssal Knight)        Turns: 1614, Time: 00:02:44

Health: 41/41      AC: 12    Str: 19    XL:     4   Next: 8%
Magic:  4/4        EV:  5    Int:  7    God:    Lugonu [*.....]
Gold:   85         SH:  0    Dex: 11    Spells: 3/3 levels left

rFire   + . .      SeeInvis .   a - +1 hand axe
rCold   . . .      Faith    .   (no shield)
rNeg    . . .      Spirit   .   i - +0 plate armour
rPois   .          Reflect  .   (helmet restricted)
rElec   .          Harm     .   (no cloak)
rCorr   .          Rampage  .   (no gloves)
Will    .....                   h - +0 pair of boots
Stlth   ..........              (no amulet)
HPRegen 0.13/turn               c - ring of protection from fire
MPRegen 0.09/turn               (no ring)

@: no status effects
A: horns 2, retaliatory headbutt
a: Renounce Religion, Depart the Abyss


You were on level 2 of the Dungeon.
You worshipped Lugonu.
Lugonu was aware of your devotion.
You visited 1 branch of the dungeon, and saw 2 of its levels.
You visited the Abyss 1 time.

You collected 85 gold pieces.

Inventory:

Hand Weapons
 a - a +1 hand axe (weapon)
Armour
 h - a +0 pair of boots (worn)
 i - a +0 plate armour (worn)
Jewellery
 c - a ring of protection from fire (left hand)
Scrolls
 b - 2 scrolls of teleportation {unknown}
 d - 4 scrolls of identify {unknown}
Potions
 f - 3 potions of degeneration {unknown}
 g - a potion of berserk rage {unknown}


   Skills:
 + Level 4.5 Fighting
 * Level 4.6 Axes
 - Level 2.4 Armour
 - Level 1.1 Dodging
 - Level 1.7 Invocations


You had 3 spell levels left.
You didn't know any spells.
Your spell library was empty.

Dungeon Overview and Level Annotations

Branches:
Dungeon (2/15)

Altars:

Shops:
D:2 (


Innate Abilities, Weirdness & Mutations

You have a pair of horns on your head.
You reflexively headbutt those who attack you in melee.


Message History

No target in view!
No target in view!
Things that are here:
a +0 dagger; a rat corpse You see here a bat corpse.
d - 4 scrolls labelled YTIGRE WAIWIURI (gained 1)
b - 2 scrolls labelled DIQIOPS SOUTS (gained 1)
A frilled lizard comes into view.
The frilled lizard unfolds its giant frill.
A frilled lizard is nearby!
You hit the frilled lizard but do no damage.
The frilled lizard bites you.
The frilled lizard bites you but does no damage.
You closely miss the frilled lizard. You headbutt the frilled lizard.
You kill the frilled lizard!
Lugonu accepts your kill.
No target in view!
No target in view!
You now have 85 gold pieces (gained 11).
You see here a bat corpse.
You see here a +0 dagger.
Things that are here:
a +0 club; a goblin corpse You see here 22 stones.
You see here a +0 club.
Done exploring.
Done exploring.
Done exploring.
(D) Dungeon
Where to? (Enter - D:1, ? - help)
What level of the Dungeon? (default 1, ? - help)
You see here 22 stones.
You open the door.
There is an open door here.
There is a stone staircase leading down here.
You climb downwards.
There is a stone staircase leading up here.
Done exploring.
Done exploring.
Are you sure you want to abandon this character and quit the game? (Confirm with "yes".)

### #.# #.######
#......# #.####.#
###### #....#.#
#....###.#.##.#
#.#........@#.#
####.########.##.#
###....#......(....#
...........)....#..#
...........######..#
...........# #..#
...........######..#
............(.....>#
...........######.##


There were no monsters in sight!

Vanquished Creatures
  A gnoll (D:1)
  2 adders (D:2)
  2 dart slugs (D:1)
  5 ball pythons
  5 bats
  4 endoplasms
  A giant cockroach (D:1)
  4 goblins
  A hobgoblin (D:2)
  2 quokkas
  3 frilled lizards
  6 kobolds
  5 rats
41 creatures vanquished.

Notes
Turn   | Place    | Note
-------+----------+-------------------------------------------
     0 | Abyss:1  | Nedwor the Minotaur Abyssal Knight began the quest for the
                  | Orb.
     0 | Abyss:1  | Reached XP level 1. HP: 19/19 MP: 1/1
     0 | D:1      | Escaped the Abyss
   176 | D:1      | Reached XP level 2. HP: 27/27 MP: 2/2
   187 | D:1      | You fall into a shaft and drop 1 floor!
   200 | D:2      | Reached * piety under Lugonu
   679 | D:2      | Found Qihus's Weapon Shop.
   687 | D:2      | Identified the +5 leather armour "Atuil" {rC- rN++ Will+++
                  | Str+4}
   693 | D:2      | Reached XP level 3. HP: 31/33 MP: 3/3
  1344 | D:1      | Reached XP level 4. HP: 41/41 MP: 4/4
  1614 | D:2      | Quit the game

Illustrated notes

Levels and vault maps discovered:
D:1:      dpeg_arrival_arbitrary_a, layout_basic
D:2:      layout_basic, serial_shops, nicolae_shop_trees

Skill      XL: |  1  2  3 |
---------------+----------+-----
Axes           | 3 4 |  4.6
Fighting       | 4 |  4.5
Armour         | |  2.4
Dodging        | |  1.1
Invocations    | |  1.7

Action                   |  1- 3 |  4- 6 || total
-------------------------+-------+-------++-------
Melee: Hand axe          |    65 |     8 ||    73
       Headbutt          |    10 |     2 ||    12
       Punch             |       |     1 ||     1
Invok: Depart the Abyss  |     1 |       ||     1
 Stab: Sleeping          |     1 |       ||     1
Armor: Leather armour    |     2 |       ||     2
       Scale mail        |     9 |       ||     9
       Plate armour      |    25 |     8 ||    33
Dodge: Dodged            |    36 |     1 ||    37
